Cogmind - Beta 11 @@@ ROGUE MODE // 2022.03.21 @ 06:45:22 Player: Dytto Result: Destroyed by G-34 Mercenary with Small Laser Performance ------------- Evolutions (0) 0 Regions Visited (1) 200 Robots Destroyed (2) 10 Value Destroyed (81) 81 Prototype IDs (0) 0 Alien Tech Used (0) 0 Bonus (0) 0 TOTAL SCORE: 291 Bonus ------- None Cogmind --------- Core Integrity 0/250 Matter 300/300 Energy 100/100 System Corruption 0% Temperature Cool (6) Movement Walking (120) Location -10/Materials Parts ------- > --- POWER (1) -------- (None) > --- PROPULSION (2) --- Aluminum Leg > --- UTILITY (2) ------ Terrain Scan Processor > --- WEAPON (2) ------- (None) > --- INVENTORY (5) ---- Light Ion Engine Light Treads Compact Wheel EM Pulse Gun Medium Laser Peak State ------------ > --- POWER ------------ Light Ion Engine > --- PROPULSION ------- Aluminum Leg Aluminum Leg > --- UTILITY ---------- Structural Scanner Terrain Scan Processor > --- WEAPON ----------- Medium Laser Light Assault Rifle > --- INVENTORY -------- Light Ion Engine Light Treads Compact Wheel EM Pulse Gun Medium Laser [Rating: 8] Favorites ----------- Power Light Ion Engine Engine Light Ion Engine Propulsion Compact Wheel Treads Light Treads Leg Aluminum Leg Wheel Compact Wheel Utility Large Storage Unit Device Structural Scanner Storage Large Storage Unit Processor Terrain Scan Processor Weapon Medium Laser Energy Gun Medium Laser Ballistic Gun Light Assault Rifle Build | -11 -10 ------- Run | Scr Mat Slots Evolved . | . . Power . | . . Propulsion . | . . Utility . | . . Weapon . | . . Parts Attached 15 | 8 7 Power 1 | . 1 Engine 1 | . 1 Core . | . . Reactor . | . . Propulsion 8 | 6 2 Treads 2 | 2 . Leg 4 | 2 2 Wheel 2 | 2 . Hover . | . . Flight . | . . Utility 4 | 1 3 Device 1 | . 1 Storage 2 | 1 1 Processor 1 | . 1 Hackware . | . . Protection . | . . Artifact . | . . Weapon 2 | 1 1 Energy Gun 1 | 1 . Energy Cannon . | . . Ballistic Gun 1 | . 1 Ballistic Cannon . | . . Launcher . | . . Special Weapon . | . . Impact Weapon . | . . Slashing Weapon . | . . Piercing Weapon . | . . Special Melee Weapon . | . . Unidentified Prototypes . | . . Parts Lost 6 | . 6 Power 1 | . 1 Propulsion 2 | . 2 Utility 1 | . 1 Weapon 2 | . 2 Highest Loss Streak 5 | . 5 To Critical Strikes 1 | . 1 Average Slot Usage (%) 77 | . 77 Engine 6 | . 6 Leg 12 | . 12 Wheel 13 | . 13 Device 6 | . 6 Storage 8 | . 8 Processor 5 | . 5 Energy Gun 12 | . 12 Ballistic Gun 10 | . 10 Naked Turns . | . . Heaviest Build 27 | 7 27 Greatest Support 40 | 40 32 Greatest Overweight (x) 2 | 2 1 Average Overweight (x) . | . . Largest Inventory Capacity 15 | 8 15 Average Capacity 9 | 7 10 Most Carried 10 | 8 10 Average Carried 6 | 4 6 Final Capacity 8 | 8 5 Final Carried 8 | 8 5 Class Distribution -------------------- 100% | Mutant Dominant Class ---------------- Mutant | -10/Materials Resources | -11 -10 ----------- Run | Scr Mat Matter Collected 345 | 245 100 Remotely . | . . Salvage Created 91 | . 91 Parts 4 | . 4 Haulers Intercepted . | . . Recyclers Shooed 1 | . 1 Parts Field Recycled . | . . Retrieved Matter . | . . Parts Self-Destructed . | . . Prevented . | . . Kills | -11 -10 ------- Run | Scr Mat Combat Hostiles Destroyed 2 | . 2 Guns 2 | . 2 Classes Destroyed 1 | . 1 Grunt 2 | . 2 Best Kill Streak 1 | . 1 Combat Bots Only 1 | . 1 Max Kills in Single Turn 1 | . 1 Gunslinging . | . . Exploded . | . . Melee . | . . Uniques/NPCs Destroyed . | . . Combat | -11 -10 -------- Run | Scr Mat Damage Taken 744 | . 744 Core 258 | . 258 Absorbed by Shields . | . . Core Remaining (%) 100 | 100 . Volleys Fired 24 | . 24 Largest 1 | . 1 Hottest 50 | . 50 Shots Fired 24 | . 24 Gun 24 | . 24 Cannon . | . . Launcher . | . . Special . | . . Kinetic . | . . Thermal 24 | . 24 Explosive . | . . Electromagnetic . | . . Robot Hit Streak 3 | . 3 Robot Miss Streak 5 | . 5 Penetration Max . | . . Secondary Targets . | . . Shots Hit Robots 10 | . 10 Core Hits 7 | . 7 Critical Kills . | . . Critical Parts Destroyed . | . . Critical Strikes . | . . Melee Attacks . | . . Impact . | . . Slashing . | . . Piercing . | . . Sneak Attacks . | . . Combat Hostiles . | . . Follow-up Attacks . | . . Damage Inflicted 193 | . 193 Guns 164 | . 164 Cannons . | . . Explosions . | . . Melee . | . . Ramming 29 | . 29 Kinetic . | . . Thermal 164 | . 164 Explosive . | . . Electromagnetic . | . . Impact . | . . Slashing . | . . Piercing . | . . Highest Corruption . | . . Average Corruption . | . . Corruption Purged . | . . Corruption Blocked . | . . Overload Shots . | . . Overflow Damage . | . . Projectiles . | . . Explosions . | . . Melee . | . . Knockbacks . | . . Impact . | . . Kinetic . | . . Secondary . | . . Self-Inflicted Damage . | . . Shots . | . . Rammed . | . . Targets Rammed 29 | . 29 Kicked 29 | . 29 Crushed . | . . Highest Temperature 70 | . 70 Average Temperature 30 | . 30 Received Heat Transfer 333 | . 333 Siege Activations . | . . Robots Corrupted . | . . Combat Hostiles . | . . Parts Fried . | . . Impact Corruptions . | . . Robots Melted . | . . Combat Hostiles . | . . Parts Melted 1 | . 1 Heat Transferred 481 | . 481 Parts Sabotaged . | . . Parts Stolen . | . . Parts Stripped . | . . Power Chain Reactions . | . . Missiles Intercepted . | . . Alert | -11 -10 ------- Run | Scr Mat Peak Influence 70 | . 70 Initial . | . . Average 19 | . 25 Maximum Alert Level . | . . Low Security (%) 100 | 100 100 Level 1 . | . . Level 2 . | . . Level 3 . | . . Level 4 . | . . Level 5 . | . . High Security . | . . Max Security . | . . Squads Dispatched 1 | . 1 Investigation . | . . Extermination . | . . Reinforcement 1 | . 1 Assault . | . . Garrison . | . . Intercept . | . . Searches Triggered . | . . Construction Impeded . | . . Haulers Reinforced . | . . Active Scanning Responses . | . . Cargo Convoy Interrupts . | . . Stealth | -11 -10 --------- Run | Scr Mat Distress Signals 1 | . 1 Communications Jammed . | . . Distress Signals . | . . Times Spotted 7 | . 7 Peak Tracking Total 6 | . 6 Tactical Retreats 1 | . 1 Traps | -11 -10 ------- Run | Scr Mat Traps Triggered . | . . Indirectly . | . . Trap Hack Attempts . | . . Triggered . | . . Disarmed . | . . Reprogrammed . | . . Reused . | . . Traps Extracted . | . . Installed . | . . Triggered . | . . Machines | -11 -10 ---------- Run | Scr Mat Machines Disabled . | . . Max in Single Turn . | . . Machines Sabotaged . | . . Garrisons Compromised . | . . Overloaded Fab Kills . | . . Hacking | -11 -10 --------- Run | Scr Mat Machines Accessed 1 | . 1 Terminals . | . . Fabricators . | . . Repair Stations . | . . Recycling Units 1 | . 1 Scanalyzers . | . . Garrison Access . | . . Total Hacks 3 | . 3 Successful 3 | . 3 Failed . | . . Catastrophic . | . . Database Lockouts . | . . Manual . | . . Terminals . | . . Fabricators . | . . Repair Stations . | . . Recycling Units 3 | . 3 Scanalyzers . | . . Garrison Access . | . . Terminal Hacks . | . . Fabricator Hacks . | . . Repair Station Hacks . | . . Recycling Unit Hacks 3 | . 3 Recycle Component 1 | . 1 Process 1 | . 1 Report Inventory 1 | . 1 Scanalyzer . | . . Garrison Access Hacks . | . . Unauthorized Hacks . | . . Terminals . | . . Fabricators . | . . Repair Stations . | . . Recycling Units . | . . Scanalyzers . | . . Garrison Access . | . . Data Cores Recovered . | . . Used . | . . Hacking Detections . | . . Full Trace Events . | . . Feedback Events . | . . Feedback Blocked . | . . Robot Schematics Acquired . | . . Robots Built . | . . Authchips . | . . Time . | . . Total Robot Build Rating . | . . Part Schematics Acquired . | . . Parts Built . | . . Authchips . | . . Time . | . . Total Part Build Rating . | . . Parts Repaired . | . . Time . | . . Parts Recycled 1 | . 1 Recycled Matter 33 | . 33 Retrieved Matter . | . . Retrieved Components . | . . Parts Scanalyzed . | . . Part Schematics Acquired . | . . Parts Damaged . | . . Bothacking | -11 -10 ------------ Run | Scr Mat Used RIF Installer . | . . Robots Hacked . | . . Non-combat . | . . Combat . | . . Robot Hacks Applied . | . . Relay Couplers Released . | . . Fabnet Peak Effective % . | . . Robots Rewired . | . . Allies Hacked . | . . Hacks Repelled . | . . Allies | -11 -10 -------- Run | Scr Mat Total Allies . | . . Largest Group . | . . Highest-Rated Group . | . . Highest-Rated Ally . | . . Total Orders . | . . Ally Attacks . | . . Total Damage . | . . Kills . | . . Allies Corrupted . | . . Allies Melted . | . . Intel | -11 -10 ------- Run | Scr Mat Robot Analysis Total . | . . Derelict Logs Recovered . | . . Drone Launches . | . . Drone Recoveries . | . . Exploration | -11 -10 ------------- Run | Scr Mat Turns Passed 448 | 93 355 Spaces Moved 258 | 69 189 Core 24 | 24 . Treads 6 | 6 . Legs 78 | 19 59 Wheels 150 | 20 130 Hover . | . . Flight . | . . Fastest Speed 50 | 50 100 Average Speed 108 | 102 111 Slowest Speed 190 | 160 190 Overloaded Moves . | . . Propulsion Burnouts . | . . Robots Hopped . | . . Cave-ins Triggered . | . . Exploration Rate (%) 11 | 4 18 Regions Visited 1 Branch Regions . Pre-discovered Areas . | . . Known Exits Taken . | . . Unknown Exits Taken 1 | 1 . Scrap Searched . | . . Spaces Dug . | . . Terrain Destroyed . | . . Melee . | . . Projectile . | . . AOE . | . . Terrain Rammed . | . . Walls Destroyed . | . . Machines Disabled . | . . Actions | -11 -10 --------- Run | Scr Mat Total 391 | 88 303 Wait 53 | 4 49 Move 257 | 68 189 Hop . | . . Pick Up 9 | 6 3 Fast Attach 8 | 6 2 Attach 3 | . 3 Detach 3 | 2 1 Swap 4 | 2 2 Drop 1 | . 1 Fire 24 | . 24 Melee . | . . Ram . | . . Kick 29 | . 29 Crush . | . . Escape Stasis . | . . Rewire . | . . Trap . | . . Miscellaneous . | . . Route ------- -11/Scrapyard -10/Materials (discovered 1 exit: [*Min]) History --------- Turn | Location | Event 4 | -11/Scrapyard | Discovered new exit (range 15) 94 | -11/Scrapyard | Entered Materials 246 | -10/Materials | Core integrity fell below 50% 326 | -10/Materials | Build established: Mutant 395 | -10/Materials | Discovered new exit (range 11) 442 | -10/Materials | Core integrity fell below 20% 449 | -10/Materials | Destroyed by G-34 Mercenary with Small Laser Last Messages --------------- 00413_ Critical hit (Destroy). 00413_ Med. Laser destroyed. 00413_ Kicked S-10 Pest. 00414_ Kicked S-10 Pest out of the way. 00415_ Kicked S-10 Pest. 00425_ Kicked S-10 Pest out of the way. 00426_ K-01 Serf collects debris. 00426_ Kicked G-34 Mercenary. 00427_ Kicked G-34 Mercenary out of the way. 00431_ Kicked G-34 Mercenary. 00431_ Structural Scanner destroyed. 00432_ Kicked G-34 Mercenary. 00433_ Kicked G-34 Mercenary out of the way. 00433_ Lgt. Ion Engine destroyed. 00434_ Kicked G-34 Mercenary. 00435_ Kicked G-34 Mercenary out of the way. 00441_ Kicked G-34 Mercenary. 00445_ Kicked G-34 Mercenary out of the way. 00447_ Aluminum Leg destroyed. 00447_ Kicked G-34 Mercenary. Map ----- +----------------------------------------------------+ | ?????????????????????????????????????????????????? | | ?????????????????????????????????????????????????? | | ?????????????????????????????????????????????????? | | ?????????????????????????????????????????????????? | | ?????????????????????????????????????????????????? | | ?????????????????????????????????????????????????? | | ?????????????????????????????????????????????????? | | ??????????????????????## ##????????????????????? | | ??????????????????????## ###???????????????????? | | ??????????????????????"" ##???????????????????? | | ?????????????????????? ##???????????????????? | | ??????????????????????| ##???????????????????? | | ??????????????????????" < ?????????????????????? | | ??????????????????????| ?????????????????????? | | ??????????????????????? ?????????????????????? | | ??????????????????????"" #????????????????????? | | ????????????? ## #### ##????????????????????? | | ???????????? ########## ##????????????????????? | | ???????????? ^ ##????????????????????? | | ???????????? t##????????????????????? | | ????????????? ##???#######??????????? | | ?????????????????## ############??????????? | | ????????????????? # o####### ##??????????? | | ????????????????? + w%% ##??????????? | | ????????????????? # "T"%%%####### ##??????????? | | ????????????????? # """%@%#######% ##?###??????? | | ????????????????? ######%%g#% # ###########?? | | ?????????????????#######%%%#%% # # #?? | | ??????????????????????##%s%+%% # # #?? | | ??????????????????????##%%%#% # # """ #?? | | ????????????????????? ##g% ####### # """ #?? | | ????????????????????? # ###### # """ "" #?? | | ????????????????????? # ##??## + Y" #?? | | ????????????????????? + ##??## # "" #?? | | ???????????????????? # ##??## # #?? | | ???????????????????" # ##??## ###########?? | | ??????????????????"" ## #####??## ##?# #?? | | ????????????????? ? ## ######### ##?# """ #?? | | ?????????????????###??## ???###### ##?# """ #?? | | ?????????????????###??## ???###!! ##?# """ #?? | | ??????????????????????## ???##! ##?# #?? | | ??????????????????????## ???##! #### #?? | | ??????????????????????## ???## #######+##### | | ???????????????????????? ???##! ## | | ???????????????????????? ???###!! ## | | ????????????????????????????###### ## | | ?????????????????????????????##################### | | ????????????????????????????????################## | | ?????????????????????????????????????????????????? | | ?????????????????????????????????????????????????? | +----------------------------------------------------+ Best States ------------- Heat Dissipation 25 Energy Generation 10 Energy Capacity 125 Matter Stores 300 Matter Capacity 300 Sight Range 16 Terrain Scan Density 85 Evasion (%) 55 Recoil Reduction 2 Item Schematics ----------------- None Robot Schematics ------------------ None Fabricated ------------ Nothing Alien Tech Used ----------------- None Achievements -------------- None Challenges ------------ None Game ------ Seed CouplerInsulatedPlating Manual? 0 Play Time 00:07:12 Cumulative 12.5 hours Start 2022.03.21 @ 06:39:31 End 2022.03.21 @ 06:45:22 Sessions 1 Manual Loads 0 Difficulty Rogue Special Mode None Game No. 41 Rogue 5 Adventurer 36 Explorer 0 Win Type - Total 0 Types 0/0/0/0/0/0/0/0/0 Lore% 14 Gallery% 17 Achievement% 13 Wizard Run 0 Options --------- ASCII 0 Keyboard 1 Movement Numpad Keybinds 0 Fullscreen 2 Font 18/X11Bold Map View 76x50 Tactical HUD 1 Map Filters NONE Filters NONE Steam 1 RUN: 92e9ec2b-cc19-49bd-bfd7-c92557f1c040